 Dungeon Crawl Stone Soup version 0.14.0-6-g1bc2dff (webtiles) character file.

262672 Kejsarherre the Executioner (level 19, -6/179 HPs)
             Began as a Minotaur Monk on Apr 12, 2014.
             Was the Champion of the Shining One.
             Shot with an arrow by a centaur warrior (38 damage)
             ... on Level 2 of the Depths.
             The game lasted 02:17:11 (42525 turns).

Kejsarherre the Executioner (Minotaur Monk)        Turns: 42525, Time: 02:17:11

HP  -6/179       AC 31     Str 24      XL: 19   Next: 13%
MP  25/25        EV  6     Int  4      God: the Shining One [******]
Gold 4033        SH 54     Dex 17      Spells:  0 memorised, 18 levels left

rFire  + . .     SeeInvis .     a - +5,+7 broad axe (holy)
rCold  + . .     Clarity  .     e - +2 plate armour {rPois}
rNeg   + + +     Conserve +     t - +1 large shield
rPois  +         rCorr    .     N - -1 hat of Ghoor {rElec}
rElec  +         rRot     .     D - +0 cloak
SustAb . .       Spirit   .     R - +3 pair of gloves of Biezepho {rC+ Int-3 Dam+1}
rMut   .         Warding  .     M - +1 pair of boots {Fly}
Saprov . . .     Stasis   .     h - amulet of conservation
MR     +....                    P - ring of Pokleh {rPois Str+2 Dex+3}
                                I - ring of protection from fire

@: flying, very slightly contaminated, glowing, somewhat resistant to hostile
enchantments, extremely unstealthy
A: retaliatory headbutt, horns 2, icy blue scales 1, rough black scales 1, fast
metabolism 1, poison resistance, spit poison 1, wild magic 1
a: Spit Poison, Divine Shield, Cleansing Flame, Summon Divine Warrior, Renounce
Religion, Stop Flying
}: 2/15 runes: barnacled, gossamer


You were on level 2 of the Depths.
You worshipped the Shining One.
The Shining One was exalted by your worship.
You were hungry.

You visited 7 branches of the dungeon, and saw 40 of its levels.
You also visited: Labyrinth.

You collected 4093 gold pieces.
You spent 60 gold pieces at shops.

Inventory:

Hand weapons
 a - a +5,+7 broad axe of holy wrath (weapon)
Armour
 c - an ice dragon hide
 e - a +2 plate armour of poison resistance (worn)
 t - a +1 large shield (worn)
 D - a +0 cloak (worn)
 M - a +1 pair of boots of flying (worn)
 N - the -1 hat of Ghoor (worn) {rElec}
   (You found it on level 8 of the Lair of Beasts)

   It insulates you from electricity.
 R - the +3 pair of gloves of Biezepho (worn) {rC+ Int-3 Dam+1}
   (You found it on level 7 of the Dungeon)

   It affects your intelligence (-3).
   It affects your damage with ranged weapons and melee attacks (+1).
   It protects you from cold.
Magical devices
 y - a wand of teleportation (3)
 A - a wand of fire (4)
 F - a wand of digging (6)
 S - a wand of digging (10)
 V - a wand of hasting (3)
 W - a wand of disintegration (5)
Comestibles
 b - 7 bread rations
 K - 3 chunks of fire dragon flesh
 L - a pear
 O - a lychee
Scrolls
 d - 3 scrolls of fog
 g - 3 scrolls of magic mapping
 i - 3 scrolls of blinking
 j - 6 scrolls of teleportation
 k - 4 scrolls of remove curse
 n - a scroll of brand weapon
 r - 3 scrolls of identify
 u - a scroll of summoning
 w - a scroll of silence
 B - 2 scrolls of fear
 G - a scroll of vulnerability
Jewellery
 f - an uncursed ring of protection from magic
 h - an amulet of conservation (around neck)
 x - an uncursed amulet of resist corrosion
 I - a ring of protection from fire (left hand)
 P - the ring of Pokleh (right hand) {rPois Str+2 Dex+3}
   (You found it on level 4 of the Shoals)

   [ring of poison resistance]

   It affects your strength (+2).
   It affects your dexterity (+3).
Potions
 l - 11 potions of curing
 m - a potion of porridge
 p - a potion of resistance
 q - 3 potions of might
 s - a potion of magic
 z - a potion of berserk rage
 C - 2 potions of flight
 E - 2 potions of agility
Books
 v - a book of Changes

   Spells                             Type                      Level
   Beastly Appendage                  Transmutation                1
   Sticks to Snakes                   Transmutation                2
   Spider Form                        Transmutation/Poison         3
   Ice Form                           Ice/Transmutation            4
   Blade Hands                        Transmutation                5
 J - a book of Geomancy

   Spells                             Type                      Level
   Sandblast                          Earth                        1
   Stoneskin                          Transmutation/Earth          2
   Passwall                           Transmutation/Earth          3
   Stone Arrow                        Conjuration/Earth            3
   Petrify                            Transmutation/Earth          4
   Lee's Rapid Deconstruction         Earth                        5
Miscellaneous
 o - a fan of gales


   Skills:
 - Level 18.2 Fighting
 - Level 22.3 Axes
 + Level 14.9 Armour
 - Level 3.2 Dodging
 - Level 1.5 Stealth
 + Level 21.0 Shields
 - Level 4.3 Unarmed Combat
 - Level 7.9 Invocations


You had 18 spell levels left.
You didn't know any spells.

Dungeon Overview and Level Annotations

Branches:
Dungeon (15/15)            Temple (1/1) D:6             Orc (4/4) D:10
    Elf (0/3) Orc:3          Lair (8/8) D:10         Shoals (5/5) Lair:6
 Spider (5/5) Lair:3        Slime (0/6) Lair:6       Vaults (0/5) D:13
 Depths (2/5) D:15

Altars:
Ashenzari
Cheibriados
Dithmenos
Elyvilon
Fedhas
Kikubaaqudgha
Makhleb
Nemelex Xobeh
Okawaru
Sif Muna
Trog
Vehumet
Xom
Yredelemnul
Zin
The Shining One
Beogh
Jiyva

Shops:
D:12 %   Orc:3 =   Orc:4 *(:

Portals:
Hell: Depths:1 Depths:2
Abyss: Depths:1
Ziggurat: Depths:1
Trove: Depths:1 (show slimy rune of Zot)

Annotations:
D:4 imganon's ghost, average DsBe
Lair:3 exclusion: oklob plant


Innate Abilities, Weirdness & Mutations

You reflexively headbutt those who attack you in melee.
You have a pair of horns on your head.
You are partially covered in icy blue scales (AC +1).
You are partially covered in rough black scales (AC +4, Dex -1).
You have a fast metabolism.
Your system is resistant to poisons.
You can spit poison.
Your spells are a little harder to cast, but a little more powerful.


Message History

Read which item? (? for menu, Esc to quit)
Blink to where?
Press: ? - help, Dir - move target cursor
As you read the scroll of blinking, it crumbles to dust.
You reach down and close the large door.
Found a stone staircase leading up.
Your divine shield starts to fade.
Found a stone staircase leading down.
Found an escape hatch in the floor.
You block the raven's attack. x2
You slice the raven!!
You kill the raven!
The centaur warrior shoots an arrow.
The arrow hits you!
The arrow shimmers and vanishes!
The centaur warrior shoots an arrow.
You block the arrow.
The arrow shimmers and vanishes!
The centaur warrior shoots an arrow.
You block the arrow.
The arrow shimmers and vanishes!
There is a stone staircase leading up here.
The centaur warrior shoots an arrow.
The arrow hits you!
You die...

### # ####.# ####
..#..###§≈# #.#..#≈≈.##
#.#..#...#. #.########
##...>....##
#.....@..###..........#
#>......................
##.>########..[...#.≈≈≈≈
#. ##.c...#≈####
###...###..# ##.......#
#......># #........
##........


You could see a centaur warrior.

Vanquished Creatures
  Saint Roka (Orc:4)
  Norris (Spider:4)
  A lich (Depths:1)
  Polyphemus (Shoals:2)
  A kraken (Shoals:5)
  Rupert (Lair:4)
  Agnes (Spider:5)
  Frances (Shoals:3)
  Kirke (Spider:5)
  2 tengu reavers (Depths:1)
  Roxanne (Shoals:2)
  Ilsuiw (Shoals:5)
  4 ghost moths (Spider:5)
  3 fire giants
  Donald (Spider:5)
  Aizul (Shoals:3)
  5 emperor scorpions
  2 stone giants
  3 rakshasas
  A vampire knight (Depths:2)
  5 dire elephants
  4 ettins (Depths:1)
  Snorg (Lair:7)
  5 vault guards (Depths:1)
  10 merfolk javelineers
  The ghost of Aelig the Grappler, a powerful TrMo of Okawaru (D:11)
  5 merfolk impalers
  A siren (Shoals:4)
  A deep elf death mage (Depths:1)
  A fire dragon (Depths:2)
  2 minotaurs
  Fannar (D:11)
  2 ice dragons
  4 yaktaur captains
  An anaconda (Lair:8)
  9 hydras
  An alligator snapping turtle (Shoals:4)
  2 satyrs (Shoals:5)
  Erica (Lair:7)
  2 ogre magi
  The ghost of Ragg the Hoplite, a powerful GrFi of Okawaru (D:9)
  A deep troll earth mage (Depths:1)
  2 deep troll shamans (Depths:1)
  A tengu warrior (D:13)
  A merfolk aquamancer (Shoals:5)
  2 vampire magi
  2 orc high priests (Orc:4)
  8 death yaks
  2 centaur warriors
  Urug (Orc:2)
  A catoblepas (Shoals:2)
  A spectral elf (Depths:1)
  A titan skeleton (Depths:2)
  10 very ugly things
  A skeletal warrior (Depths:1)
  3 unseen horrors
  An orb spider (shapeshifter) (D:15)
  An iron troll (Depths:1)
  13 sea snakes
  An unseen horror (shapeshifter) (D:13)
  7 deep trolls (Depths:1)
  19 orb spiders
  A flaming corpse (Depths:1)
  A giant orange brain (D:15)
  A tengu zombie (Depths:2)
  6 orc knights
  Joseph (D:8)
  6 hill giants
  3 necromancers
  7 orc sorcerers
  A frost giant zombie (Depths:1)
  4 red wasps
  4 water nymphs
  5 harpies
  37 wolf spiders
  8 griffons
  2 wizards (Depths:1)
  10 cyclopes
  9 manticores
  5 fauns (Shoals:4)
  2 tengu skeletons (Depths:1)
  Maurice (Orc:2)
  2 black mambas
  13 elephants
  4 drowned souls (Shoals:4)
  A feature mimic (Orc:4)
  A guardian serpent (shapeshifter) (Depths:2)
  5 mermaids
  6 yaktaurs
  A queen ant (D:10)
  2 kobold demonologists (D:12)
  A naga mage (Depths:1)
  A centaur zombie (D:12)
  12 spiny frogs
  3 komodo dragons
  10 demonic crawlers
  A boggart (shapeshifter) (Depths:2)
  8 fire drakes
  A hellwing (Orc:4)
  8 trolls
  33 merfolk
  A jumping spider (shapeshifter) (Depths:1)
  32 jumping spiders
  2 tengu conjurers
  4 wind drakes
  A minotaur skeleton (Depths:1)
  4 ravens
  8 slime creatures
  A boulder beetle (Spider:2)
  A fire dragon zombie (Depths:1)
  4 spriggan zombies (Depths:1)
  A stone giant simulacrum (Depths:2)
  7 snapping turtles
  7 two-headed ogres
  4 blink frogs (Lair:7)
  A shadow (D:15)
  6 basilisks
  25 ugly things
  A fire dragon skeleton (Depths:1)
  5 deep elf magi
  36 redbacks
  An ice dragon skeleton (Depths:1)
  40 tarantellas
  13 sharks
  A hill giant zombie (D:14)
  27 trapdoor spiders
  3 elephant slugs
  A vampire (Depths:1)
  A hog (Spider:5)
  32 yaks
  5 water elementals
  6 wyverns
  2 wraiths
  14 hippogriffs
  2 deep elf fighters
  A steam dragon (D:11)
  A hungry ghost (D:10)
  6 wolves
  2 wargs
  A mottled dragon (D:13)
  8 soldier ants (D:10)
  28 orc warriors
  4 yellow wasps
  8 water moccasins
  A human skeleton (D:12)
  2 phantoms
  2 hell hounds (Lair:7)
  13 porcupines
  3 sky beasts
  4 ice beasts
  34 spiders
  3 black bears
  2 giant goldfish
  14 ogres
  4 centaurs
  A manticore skeleton (D:14)
  Sigmund (D:2)
  8 giant slugs
  13 crocodiles
  A brain worm (D:15)
  15 giant frogs
  6 big kobolds
  A wyvern zombie (D:15)
  A gnoll sergeant (D:11)
  A komodo dragon skeleton (D:12)
  9 scorpions
  A cyclops skeleton (D:13)
  8 wights
  6 electric eels
  An eye of draining (D:13)
  11 killer bees
  A hippogriff skeleton (D:7)
  3 goliath beetles
  9 crimson imps
  A two-headed ogre zombie (D:15)
  2 big fish
  8 jellies
  2 elf skeletons
  A giant frog skeleton (D:7)
  10 iguanas
  16 hounds
  19 orc priests
  34 worker ants
  2 centaur skeletons
  43 orc wizards
  7 orange rats (Lair:5)
  2 ogre zombies
  15 sheep
  Ijyb (D:2)
  A sky beast zombie (D:9)
  A mottled dragon skeleton (D:9)
  A worker ant zombie (D:11)
  A hound skeleton (D:7)
  28 adders
  10 gnolls
  25 green rats
  4 giant mites
  3 white imps
  7 worms
  4 shadow imps
  An iguana skeleton (D:5)
  An orc zombie (D:15)
  An adder skeleton (D:6)
  4 giant eyeballs
  9 giant geckos
  4 oozes
  159 orcs
  4 ball pythons
  A bat zombie (D:8)
  20 hobgoblins
  37 kobolds
  12 quokkas
  37 bats
  7 giant cockroaches
  2 giant newts
  19 goblins
  31 jackals
  A kobold skeleton (D:4)
  2 orc skeletons (D:4)
  46 rats
  A rat skeleton (D:5)
  A ballistomycete (D:6)
  4 crawling corpses (Depths:1)
  11 fungi
  7 plants
  3 tentacles (Shoals:5)
1609 creatures vanquished.

Vanquished Creatures (others)
  2 orb spiders
  A wolf spider (Spider:5)
  9 drowned souls (Shoals:4)
  4 humans (Spider:5)
  A spider (Spider:3)
  An electric eel (Spider:5)
  An orc wizard (Orc:3)
  An orc (D:13)
  A giant spore (D:6)
  5 fungi
  3 plants
  8 tentacles (Shoals:5)
  66 tentacle segments (Shoals:5)
103 creatures vanquished.

Grand Total: 1712 creatures vanquished

Notes
Turn   | Place    | Note
--------------------------------------------------------------
     0 | D:1      | Kejsarherre, the Minotaur Monk, began the quest for the Orb.
     0 | D:1      | Reached XP level 1. HP: 19/19 MP: 1/1
   117 | D:1      | Reached XP level 2. HP: 24/27 MP: 1/1
   168 | D:1      | Reached skill level 1 in Armour
   639 | D:2      | Reached XP level 3. HP: 23/33 MP: 2/2
  1082 | D:2      | Noticed Ijyb
  1098 | D:2      | Killed Ijyb
  1098 | D:2      | Reached XP level 4. HP: 30/40 MP: 2/2
  1317 | D:2      | Found a blossoming altar of Fedhas.
  1434 | D:2      | Noticed Sigmund
  1586 | D:2      | Killed Sigmund
  1586 | D:2      | Reached skill level 5 in Armour
  1586 | D:2      | Reached XP level 5. HP: 33/46 MP: 2/2
  2436 | D:3      | Reached skill level 6 in Armour
  2992 | D:4      | Reached XP level 6. HP: 46/52 MP: 3/3
  3104 | D:4      | Noticed an ice beast
  3116 | D:4      | Killed an ice beast
  3116 | D:4      | Reached skill level 7 in Armour
  3176 | D:4      | Reached skill level 8 in Armour
  3196 | D:4      | Noticed imganon's ghost (average DsBe)
  3670 | D:4      | Reached skill level 1 in Axes
  3837 | D:4      | Noticed a moth of wrath
  3840 | D:4      | Found a bloodstained altar of Trog.
  3863 | D:4      | Reached XP level 7. HP: 34/59 MP: 3/3
  4099 | D:5      | Entered Level 5 of the Dungeon
  4352 | D:5      | Paralysed by a giant eyeball for 4 turns
  4539 | D:5      | Found a shadowy altar of Dithmenos.
  4542 | D:5      | Found an iron altar of Okawaru.
  4545 | D:5      | Found a bloodstained altar of Trog.
  4559 | D:5      | Found an ancient bone altar of Kikubaaqudgha.
  4935 | D:6      | Reached skill level 5 in Axes
  5243 | D:6      | Found a staircase to the Ecumenical Temple.
  5315 | D:6      | Reached XP level 8. HP: 26/66 MP: 3/3
  5625 | Temple   | Entered the Ecumenical Temple
  5953 | D:6      | Found a burning altar of Makhleb.
  5957 | D:6      | Found a shimmering altar of Xom.
  6203 | D:6      | Reached skill level 9 in Axes
  6460 | D:6      | Noticed a deep elf fighter
  6466 | D:6      | Killed a deep elf fighter
  6501 | D:7      | Reached skill level 10 in Axes
  6608 | D:7      | Got a pair of slimy gloves
  6624 | D:7      | Identified the +3 pair of gloves of Biezepho {rC+ Int-3 Dam+1} (You found it on level 7 of the Dungeon)
  6650 | D:7      | Found a white marble altar of Elyvilon.
  6677 | D:7      | Reached skill level 1 in Shields
  6777 | D:7      | Reached XP level 9. HP: 66/72 MP: 4/4
  6835 | D:7      | Reached skill level 5 in Fighting
  7104 | D:7      | Reached skill level 11 in Axes
  7250 | D:7      | Gained mutation: Your spells are a little harder to cast, but a little more powerful. [potion of mutation]
  7250 | D:7      | Gained mutation: Your system is resistant to poisons. [potion of mutation]
  7250 | D:7      | Gained mutation: You have a fast metabolism. [potion of mutation]
  7302 | D:8      | Found a basalt altar of Yredelemnul.
  7303 | D:8      | Noticed a profane servitor
  7426 | D:8      | Noticed Joseph
  7532 | D:8      | Killed Joseph
  7649 | D:8      | Reached skill level 12 in Axes
  8196 | D:8      | Found a sparkling altar of Nemelex Xobeh.
  8211 | D:8      | Found a glowing golden altar of the Shining One.
  8212 | D:8      | Noticed an angel
  8219 | D:8      | Became a worshipper of the Shining One
  8219 | D:8      | Acquired the Shining One's first power
  8219 | D:8      | Acquired the Shining One's second power
  8315 | D:8      | Reached skill level 5 in Shields
  8329 | D:8      | Reached XP level 10. HP: 66/86 MP: 4/4
  8415 | D:8      | Noticed a three-headed hydra
  8423 | D:8      | Killed a hydra
  8467 | D:8      | Paralysed by a giant eyeball for 3 turns
  8798 | D:9      | Noticed Ragg's ghost (powerful GrFi)
  8810 | D:9      | Killed Ragg's ghost
  8810 | D:9      | Reached skill level 13 in Axes
  9526 | D:9      | Gained mutation: You are partially covered in icy blue scales (AC +1). [potion of beneficial mutation]
  9676 | D:10     | Entered Level 10 of the Dungeon
  9676 | D:10     | Noticed a hill giant
  9682 | D:10     | Killed a hill giant
  9727 | D:10     | Reached XP level 11. HP: 99/99 MP: 4/4
  9774 | D:9      | Reached skill level 10 in Fighting
  9988 | D:10     | Found a staircase to the Lair.
 10067 | D:10     | Reached skill level 14 in Axes
 10344 | D:10     | Found a staircase to the Orcish Mines.
 10377 | D:10     | Noticed a hill giant
 10388 | D:10     | Killed a hill giant
 10817 | D:11     | Noticed Fannar
 10862 | D:11     | Killed Fannar
 10900 | D:11     | Noticed a hill giant
 10943 | D:11     | Killed a hill giant
 11634 | D:11     | Noticed Aelig's ghost (powerful TrMo)
 11638 | D:11     | Reached skill level 15 in Axes
 11645 | D:11     | Killed Aelig's ghost
 11649 | D:11     | Noticed an unseen horror
 11914 | D:11     | Killed an unseen horror
 11914 | D:11     | Reached XP level 12. HP: 82/112 MP: 5/5
 12162 | Lair:1   | Entered Level 1 of the Lair of Beasts
 12341 | Lair:1   | Noticed a six-headed hydra
 12352 | Lair:1   | Killed a two-headed hydra
 12543 | Lair:1   | Reached skill level 1 in Invocations
 12958 | Lair:2   | Noticed a four-headed hydra
 12970 | Lair:2   | Killed a hydra
 13832 | Lair:2   | Reached skill level 10 in Shields
 14117 | Lair:2   | Noticed a five-headed hydra
 14126 | Lair:2   | Killed a hydra
 14361 | Lair:3   | Found a hole to the Spider Nest.
 14809 | Lair:4   | Found a labyrinth entrance.
 14872 | Lair:4   | Noticed Rupert
 14872 | Lair:4   | Acquired the Shining One's third power
 14884 | Lair:4   | Killed Rupert
 14933 | Lab      | Entered a labyrinth
 15219 | Lab      | Noticed a minotaur
 15223 | Lab      | Killed a minotaur
 15227 | Lab      | Got an ancient iron amulet
 15235 | Lab      | Identified the amulet "Kophiff" {Inacc Dam+2 Stlth} (You found it in a labyrinth)
 15248 | Lab      | Identified a +7 rod of striking (14/14) (You found it in a labyrinth)
 15312 | Lab      | Reached XP level 13. HP: 114/124 MP: 13/13
 15946 | Lair:5   | Gained mutation: You are partially covered in rough black scales (AC +4, Dex -1). [potion of beneficial mutation]
 16874 | Lair:6   | Found a staircase to the Shoals.
 17323 | Lair:6   | Found a viscous altar of Jiyva.
 17324 | Lair:6   | Found a staircase to the Slime Pits.
 17953 | Lair:6   | Reached skill level 15 in Fighting
 18617 | Lair:7   | Noticed Erica
 18628 | Lair:7   | Killed Erica
 18648 | Lair:7   | Reached skill level 16 in Fighting
 18648 | Lair:7   | Reached skill level 5 in Invocations
 18931 | Lair:7   | Noticed Snorg
 18949 | Lair:7   | Killed Snorg
 19419 | Lair:7   | Acquired the Shining One's fourth power
 19982 | Lair:7   | Reached XP level 14. HP: 111/138 MP: 17/17
 20385 | Lair:8   | Entered Level 8 of the Lair of Beasts
 20463 | Lair:8   | Reached skill level 17 in Fighting
 21443 | Lair:8   | Got a bloodstained hat
 21444 | Lair:8   | Identified the cursed -1 hat of Ghoor {rElec} (You found it on level 8 of the Lair of Beasts)
 21997 | Orc:1    | Entered Level 1 of the Orcish Mines
 22044 | Orc:1    | Found a roughly hewn altar of Beogh.
 22472 | Orc:2    | Noticed Urug
 22474 | Orc:2    | Noticed Maurice
 22497 | Orc:1    | Reached skill level 18 in Fighting
 22806 | Orc:2    | Killed Urug
 22814 | Orc:2    | Killed Maurice
 23290 | Orc:3    | Found Etehaaga's Jewellery Shop.
 23409 | Orc:3    | Found a staircase to the Elven Halls.
 23927 | Orc:4    | Entered Level 4 of the Orcish Mines
 24175 | Orc:4    | Noticed Saint Roka
 24509 | Orc:4    | Killed Saint Roka
 24509 | Orc:4    | Reached skill level 15 in Shields
 24676 | Orc:4    | Found a roughly hewn altar of Beogh.
 24707 | Orc:4    | Reached XP level 15. HP: 111/149 MP: 21/21
 25047 | Orc:4    | Found Sche Digi's Antique Weapon Shoppe.
 25190 | Orc:4    | Found Shekh's General Store.
 25196 | Orc:4    | Bought a scroll of identify for 30 gold pieces
 25197 | Orc:4    | Bought a scroll of identify for 30 gold pieces
 25306 | Orc:4    | Found Caepirph's Antique Armour Shoppe.
 25324 | Orc:4    | Caepirph's Antique Armour Shoppe was a mimic.
 25450 | Orc:4    | Found Psiec's Book Shoppe.
 25734 | D:12     | Found Othremise's Food Shoppe.
 26894 | D:13     | Found a gate to the Vaults.
 28011 | D:14     | Found a shadowy altar of Dithmenos.
 28445 | D:8      | Identified a +4,+2 broad axe of holy wrath (a +2,+0 broad axe of venom blessed by the Shining One)
 28746 | Spider:1 | Entered Level 1 of the Spider Nest
 30520 | Spider:3 | Reached XP level 16. HP: 107/157 MP: 23/23
 30833 | Spider:3 | Gained mutation: You can spit poison. [potion of beneficial mutation]
 31172 | Spider:4 | Noticed Norris
 31193 | Spider:4 | Paralysed by Norris for 3 turns
 31201 | Spider:4 | Killed Norris
 31381 | Spider:4 | Reached skill level 19 in Axes
 31647 | Spider:5 | Entered Level 5 of the Spider Nest
 31856 | Spider:5 | Noticed Donald
 31868 | Spider:5 | Killed Donald
 32156 | Spider:5 | Identified a +1 rod of destruction (11/11) (You found it on level 5 of the Spider Nest)
 32571 | Spider:5 | Reached skill level 20 in Axes
 32585 | Spider:5 | Noticed Agnes
 32613 | Spider:5 | Killed Agnes
 33190 | Spider:5 | Reached skill level 10 in Armour
 33288 | Spider:5 | Noticed Kirke
 33317 | Spider:5 | Killed Kirke
 33376 | Spider:5 | Reached XP level 17. HP: 94/165 MP: 0/23
 33404 | Spider:5 | Reached skill level 21 in Axes
 33473 | Spider:5 | Got a gossamer rune of Zot
 33952 | Shoals:1 | Entered Level 1 of the Shoals
 34269 | Shoals:2 | Noticed Polyphemus
 34316 | Shoals:2 | Killed Polyphemus
 34839 | Shoals:2 | Noticed Roxanne
 34871 | Shoals:2 | Killed Roxanne
 35196 | Shoals:3 | Noticed Frances
 35205 | Shoals:3 | Killed Frances
 35263 | Shoals:3 | Reached skill level 22 in Axes
 35471 | Shoals:3 | Noticed Aizul
 35496 | Shoals:3 | Killed Aizul
 35964 | Shoals:4 | Got a fine wooden ring
 36127 | Shoals:4 | Identified the ring of Pokleh {rPois Str+2 Dex+3} (You found it on level 4 of the Shoals)
 36802 | Shoals:5 | Entered Level 5 of the Shoals
 38288 | Shoals:5 | Reached XP level 18. HP: 164/172 MP: 24/24
 38679 | Shoals:5 | Noticed Ilsuiw
 38730 | Shoals:5 | Killed Ilsuiw
 39263 | Shoals:5 | Got a barnacled rune of Zot
 39689 | D:15     | Entered Level 15 of the Dungeon
 39950 | D:15     | Got a pair of crude gloves
 39951 | D:15     | Identified the +2 pair of gloves of the Sturgeon {rPois} (You found it on level 15 of the Dungeon)
 40004 | D:15     | Found a staircase to the Depths.
 40366 | Depths:1 | Entered Level 1 of the Depths
 40565 | Depths:1 | Identified the Guide on Unholy Rituals
 40623 | Depths:1 | Found a one-way gate to the infinite horrors of the Abyss.
 40680 | Depths:1 | Found a radiant altar of Vehumet.
 40795 | Depths:1 | Paralysed by a giant eyeball for 3 turns
 40799 | Depths:1 | Found a gateway to Hell.
 40923 | Depths:1 | Found a gateway to a ziggurat.
 41245 | Depths:1 | Got a transparent plate armour
 41246 | Depths:1 | Identified the cursed -4 plate armour of Divine Compulsion {rPois Int+3 Dam+4} (You found it on level 1 of the Depths)
 41271 | Depths:1 | Identified a scroll of acquirement
 41522 | Depths:1 | Found a portal to a secret trove of treasure.
 41744 | Depths:2 | Paralysed by a giant eyeball for 2 turns
 42009 | Depths:2 | Reached XP level 19. HP: 132/179 MP: 25/25
 42525 | Depths:2 | Shot with an arrow by a centaur warrior

Action                   |  1- 3 |  4- 6 |  7- 9 | 10-12 | 13-15 | 16-18 | 19-21 || total
-------------------------+-------+-------+-------+-------+-------+-------+-------++-------
Melee: Unarmed           |   124 |   190 |     1 |       |       |       |       ||   315
       Hand axe          |       |    33 |   450 |     9 |       |       |       ||   492
       War axe           |       |       |   150 |   730 |  1362 |       |       ||  2242
       Falchion          |       |       |       |    29 |     7 |       |       ||    36
       Scimitar          |       |       |       |       |    20 |       |       ||    20
       Broad axe         |       |       |       |       |   233 |  1687 |    97 ||  2017
Invok: Divine Shield     |       |       |       |     2 |     2 |     2 |     1 ||     7
 Abil: Evoke Flight      |       |       |       |       |       |     8 |       ||     8
Evoke: Wand              |       |       |     5 |    11 |    19 |     9 |       ||    44
  Use: Scroll            |       |     3 |     3 |    19 |    20 |    14 |     3 ||    62
       Potion            |       |     1 |     5 |     5 |     9 |     6 |       ||    26
 Stab: Sleeping          |     1 |       |       |       |       |       |       ||     1
       Petrifying        |       |       |       |       |       |     1 |       ||     1
